 Dungeon Crawl Stone Soup version 0.19-a0-518-g626ee58 (webtiles) character file.

9503 Gimar the Stickfighter (level 11, -3/82 HPs)
             Began as a Minotaur Fighter on June 6, 2016.
             Was a High Priest of Okawaru.
             Slain by a troll (9 damage)
             ... on level 9 of the Dungeon.
             The game lasted 00:20:18 (12286 turns).

Gimar the Stickfighter (Minotaur Fighter)          Turns: 12286, Time: 00:20:18

Health: -3/82      AC: 14    Str: 26    XL:     11   Next: 23%
Magic:  14/14      EV: 12    Int:  5    God:    Okawaru [*****.]
Gold:   668        SH:  0    Dex: 18    Spells: 0 memorised, 10 levels left

rFire  + . .     SeeInvis .     p - +1 quarterstaff (crush)
rCold  x . .     Gourm    .     r - +0 plate armour
rNeg   . . .     Faith    .     (shield currently unavailable)
rPois  .         Spirit   .     (helmet restricted)
rElec  .         Dismiss  .     (no cloak)
rCorr  .         Reflect  .     k - +0 pair of gloves
SustAt +         Harm     .     y - +1 pair of boots
MR     .....                    (no amulet)
Stlth  ..........               u - ring of fire
                                g - ring of sustain attributes

@: mighty, agile, not resistant to hostile enchantments, extremely unstealthy
A: retaliatory headbutt, horns 2
a: Heroism, Finesse, Renounce Religion


You were on level 9 of the Dungeon.
You worshipped Okawaru.
Okawaru was extremely pleased with you.
You were not hungry.

You visited 2 branches of the dungeon, and saw 11 of its levels.

You collected 668 gold pieces.

Inventory:

Hand Weapons
 p - a +1 quarterstaff of crushing (weapon)
Armour
 k - a +0 pair of gloves (worn)
 r - a +0 plate armour (worn)
 y - a +1 pair of boots (worn)
Jewellery
 a - an uncursed amulet of magic regeneration
 g - a ring of sustain attributes (left hand)
 q - an uncursed ring of sustain attributes
 u - a ring of fire (right hand)
 A - an uncursed ring of fire
Wands
 s - a wand of slowing (28/48)
 z - a wand of slowing (25/48)
 B - a wand of lightning (5/15)
 E - a wand of disintegration (12/24)
Scrolls
 c - 5 scrolls of remove curse
 e - 2 scrolls of fear
 j - 3 scrolls of identify
 m - a scroll of noise {unknown}
 n - 2 scrolls of fog
 F - a scroll of immolation {unknown}
Potions
 b - a potion of mutation
 d - 2 potions of might
 l - 2 potions of haste {unknown}
 o - 3 potions of curing {unknown}
 v - 2 potions of agility
 x - a potion of cure mutation
 C - a potion of brilliance {unknown}
 D - a potion of lignification {unknown}
Books
 G - a book of Death

   Spells                             Type                      Level
   a - Corpse Rot                     Necromancy                   2
   b - Sublimation of Blood           Necromancy                   2
   c - Agony                          Necromancy                   5
   d - Dispel Undead                  Necromancy                   5
   e - Excruciating Wounds            Charms/Necromancy            5
   f - Bolt of Draining               Conjuration/Necromancy       5
Comestibles
 f - 4 bread rations
 h - 6 meat rations
 i - a royal jelly
 t - 4 beef jerkies
 w - 3 fruits
 H - 7 slices of pizza


   Skills:
 - Level 3.6 Fighting
   Level 5.0 Long Blades
 * Level 17.4 Staves
 - Level 3.6 Armour
   Level 3.6 Shields
 + Level 6.6 Invocations


You had 10 spell levels left.
You didn't know any spells.

Dungeon Overview and Level Annotations

Branches:
Dungeon (10/15)            Temple (1/1) D:4            Lair (0/8) D:9
    Orc (0/2) D:9

Altars:
Ashenzari
Cheibriados
Dithmenos
Elyvilon
Fedhas
Gozag
Hepliaklqana
Kikubaaqudgha
Makhleb
Nemelex Xobeh
Okawaru
Pakellas
Qazlal
Ru
Sif Muna
Trog
Uskayaw
Vehumet
Xom
Yredelemnul
Zin
The Shining One

Annotations:
D:10 Psyche


Innate Abilities, Weirdness & Mutations

You reflexively headbutt those who attack you in melee.
You have a pair of horns on your head.


Message History

You're too confused to move!
The orc warrior hits you with a war axe!
The troll bites you but does no damage.
The troll claws you but does no damage. x2
Unknown command.
The orc warrior hits you with a war axe.
* * * LOW HITPOINT WARNING * * *
The troll completely misses you. The troll closely misses you.
The troll claws you but does no damage.
Things that are here:
a ring mail; a hand axe You're too confused to move!
You feel less confused.
The troll barely misses you. x2; The troll claws you but does no damage.
The orc warrior hits you with a war axe.
* * * LOW HITPOINT WARNING * * *
You feel agile all of a sudden. The troll bites you!
* * * LOW HITPOINT WARNING * * *
The troll barely misses you. The troll claws you!
You die...

..#..............#
.................#
..#......[.......####
..##'#####[#######..#
..#..†...#.)........#
..#......#..........#
..####'###..##..##..#
..##...###).######..#
####....'..<[...@...#
...#....#.....[oT...#
...#...##...##.>##..#
...#...##...##..##..#
...#........')......#
...#........#.......#
...########'#######'#
...)............##..#
................#...#


You could see a troll and an orc warrior.

Vanquished Creatures
  Maud (D:9)
  Harold (D:10)
  Erica (D:9)
  A human (D:8)
  12 yaks
  A wyvern (D:9)
  Grum (D:8)
  3 wargs (D:9)
  A water moccasin (D:8)
  5 orc warriors
  2 ice beasts
  4 sky beasts
  A wasp (D:9)
  2 phantoms
  5 ogres
  3 centaurs
  4 wolves (D:8)
  3 big kobolds
  4 giant frogs
  2 jellies (D:9)
  A scorpion (D:10)
  A killer bee (D:6)
  A howler monkey (D:5)
  4 crimson imps
  A centaur zombie (D:6)
  4 orc priests
  4 hounds
  2 giant frog skeletons
  5 iguanas
  7 orc wizards
  8 worker ants
  2 sheep (D:8)
  A worker ant zombie (D:5)
  11 gnolls
  A howler monkey skeleton (D:4)
  12 adders
  2 shadow imps
  4 worms
  4 giant geckos
  33 orcs
  11 bats
  3 giant cockroaches
  26 goblins
  26 hobgoblins
  4 jackals
  5 quokkas
  A giant gecko skeleton (D:7)
  3 giant newts
  8 kobolds
  2 quokka skeletons (D:9)
  10 rats
  A spectral orc (D:6)
265 creatures vanquished.

Notes
Turn   | Place    | Note
--------------------------------------------------------------
     0 | D:1      | Gimar the Minotaur Fighter began the quest for the Orb.
     0 | D:1      | Reached XP level 1. HP: 19/19 MP: 0/0
   121 | D:1      | Reached XP level 2. HP: 21/26 MP: 1/1
   794 | D:2      | Reached XP level 3. HP: 15/31 MP: 2/2
  1140 | D:2      | Reached skill level 5 in Long Blades
  1145 | D:2      | Found a glowing golden altar of the Shining One.
  1204 | D:2      | Found a faded altar of an unknown god.
  1348 | D:2      | Reached skill level 1 in Staves
  1395 | D:2      | Reached XP level 4. HP: 39/39 MP: 3/3
  1560 | D:3      | Found a shadowy altar of Dithmenos.
  1560 | D:3      | Found a shattered altar of Ashenzari.
  1737 | D:3      | Reached skill level 2 in Staves
  1974 | D:3      | Found an iron altar of Okawaru.
  2003 | D:3      | Became a worshipper of Warmaster Okawaru
  2216 | D:4      | Found a staircase to the Ecumenical Temple.
  2223 | Temple   | Entered the Ecumenical Temple
  2268 | D:4      | Found a sparkling altar of Nemelex Xobeh.
  2395 | D:4      | Reached skill level 3 in Staves
  2423 | D:4      | Reached XP level 5. HP: 34/45 MP: 4/4
  2655 | D:4      | Reached skill level 4 in Staves
  2675 | D:4      | Found a shimmering altar of Xom.
  2717 | D:4      | Found a burning altar of Makhleb.
  2789 | D:4      | Noticed an ogre
  2794 | D:4      | Killed an ogre
  2794 | D:4      | Reached skill level 5 in Staves
  2794 | D:4      | Reached XP level 6. HP: 40/51 MP: 5/5
  3012 | D:5      | Entered Level 5 of the Dungeon
  3040 | D:5      | Reached skill level 6 in Staves
  3113 | D:5      | Reached * piety under Okawaru
  3113 | D:5      | Reached skill level 7 in Staves
  3316 | D:5      | Reached XP level 7. HP: 53/57 MP: 6/6
  3340 | D:5      | Reached skill level 8 in Staves
  3429 | D:5      | Reached skill level 9 in Staves
  3634 | D:5      | Reached ** piety under Okawaru
  3682 | D:5      | Found a stormy altar of Qazlal.
  3689 | D:5      | Found a bloodstained altar of Trog.
  3957 | D:5      | Reached skill level 10 in Staves
  3957 | D:5      | Reached XP level 8. HP: 59/64 MP: 7/7
  4355 | D:6      | Reached skill level 11 in Staves
  4819 | D:6      | Reached *** piety under Okawaru
  4819 | D:6      | Reached skill level 12 in Staves
  5261 | D:6      | Found a basalt altar of Yredelemnul.
  5418 | D:6      | Received a gift from Okawaru
  5566 | D:6      | Reached XP level 9. HP: 67/70 MP: 8/8
  5762 | D:7      | Found an ancient bone altar of Kikubaaqudgha.
  5787 | D:7      | Reached skill level 13 in Staves
  7356 | D:8      | Reached skill level 14 in Staves
  7827 | D:8      | Found a blossoming altar of Fedhas.
  7890 | D:8      | Reached skill level 1 in Invocations
  8122 | D:8      | Noticed Grum
  8123 | D:8      | Received a gift from Okawaru
  8138 | D:8      | Killed Grum
  8539 | D:8      | Reached skill level 15 in Staves
  8549 | D:8      | Reached **** piety under Okawaru
  8558 | D:8      | Reached XP level 10. HP: 64/77 MP: 11/11
  8672 | D:9      | Noticed Erica
  9872 | D:9      | Killed Erica
  9872 | D:9      | Reached skill level 16 in Staves
 10256 | D:9      | Found a staircase to the Lair.
 10312 | D:9      | Reached skill level 5 in Invocations
 10496 | D:9      | Found a staircase to the Orcish Mines.
 10765 | D:9      | Reached ***** piety under Okawaru
 10801 | D:9      | Found a snail-covered altar of Cheibriados.
 10910 | D:9      | Found a hide-covered altar of Uskayaw.
 11384 | D:10     | Entered Level 10 of the Dungeon
 11384 | D:10     | Noticed Harold
 11384 | D:10     | Noticed Maud
 11402 | D:9      | Killed Maud
 11402 | D:9      | Received a gift from Okawaru
 11402 | D:9      | Reached skill level 17 in Staves
 11402 | D:9      | Reached XP level 11. HP: 43/82 MP: 12/14
 11852 | D:10     | Killed Harold
 12016 | D:10     | Noticed Psyche
 12286 | D:9      | Slain by a troll

Vault maps used:
D:1:      roderic_crop_circles_arrival_small
D:2:      marbit_many_paths, ecumenical_altar_1
D:3:      gammafunk_temple_overflow_elements, lemuel_round_altar
D:4:      lemuel_doored_altar, old_standard_altar, makhleb_heckhound_becter,
          minmay_temple_entry_nine_rooms
D:5:      minmay_goblin_kobold_castle, grunt_temple_overflow_open, first_bread
D:6:      yredelemnul_forgotten_temple_becter
D:7:      kiku_gazebo_pond_becter
D:8:      lemuel_round_altar, grunt_livestock, uniq_grum
D:9:      kennysheep_mini, cheibriados_altar_1, dpeg_oklobed_lair,
          minmay_orc_entry_guard_dogs, uniq_erica
D:10:     kennysheep_crisscross, uniq_harold, uniq_psyche, uniq_maud
Temple:   nicolae_temple_no_exploring_needed

Skill      XL: |  1  2  3  4  5  6  7  8  9 10 |
---------------+-------------------------------+-----
Long Blades    | 3 4 5 |  5.0
Staves         | 1 3 5 7 10 12 15 17 | 17.4
Invocations    | 3 6 |  6.6
Fighting       | |  3.6
Armour         | |  3.6
Shields        | |  3.6

Action                   |  1- 3 |  4- 6 |  7- 9 | 10-12 || total
-------------------------+-------+-------+-------+-------++-------
Melee: Long sword        |    47 |       |       |       ||    47
       Headbutt          |     7 |     7 |    87 |    46 ||   147
       Quarterstaff      |    12 |    90 |   456 |   213 ||   771
Invok: Heroism           |       |       |       |     8 ||     8
       Finesse           |       |       |       |     1 ||     1
  Use: Potion            |       |     1 |     1 |     2 ||     4
       Scroll            |       |       |     8 |     4 ||    12
  Eat: Chunk             |     1 |     1 |     3 |     6 ||    11
       Meat ration       |       |     1 |     3 |       ||     4
       Bread ration      |       |       |       |     1 ||     1
Armor: Scale mail        |    39 |    13 |       |       ||    52
       Plate armour      |       |    67 |   244 |    98 ||   409
Dodge: Dodged            |    46 |    45 |   132 |    61 ||   284
